 Dungeon Crawl Stone Soup version 0.27-a0-1119-gbf574a6a6b (webtiles) character file.

Game seed: 14704033992433923742

81 Zeld the Shield-Bearer (level 4, 0/31 HPs)
             Began as an Octopode Fighter on May 2, 2021.
             Slain by Natasha (5 damage)
             ... on level 3 of the Dungeon.
             The game lasted 00:02:21 (2498 turns).

Zeld the Shield-Bearer (Octopode Fighter)           Turns: 2498, Time: 00:02:21

Health: 0/31       AC:  5    Str: 16    XL:     4   Next: 42%
Magic:  4/4        EV: 11    Int: 10    God:
Gold:   69         SH:  8    Dex: 11    Spells: 3/3 levels left

rFire    . . .     SeeInvis .   a - +0 war axe
rCold    . . .     Faith    .   b - +0 kite shield
rNeg     . . .     Spirit   .   (helmet restricted)
rPois    .         Reflect  .   (no amulet)
rElec    .         Harm     .   k - +4 ring of protection
rCorr    .         Rampage  .   (no ring)
Will     .....                  (no ring)
Stlth    ++........             (no ring)
HPRegen  0.10/turn              (no ring)
MPRegen  0.09/turn              (no ring)
                                (no ring)
                                (no ring)

@: slowed, very slow
A: almost no armour, amphibious, 8 rings, camouflage 1, gelatinous body 1,
(nimble swimmer 1), tentacles
a: no special abilities


You were on level 3 of the Dungeon.
You visited 1 branch of the dungeon, and saw 3 of its levels.

You collected 69 gold pieces.

Inventory:

Hand Weapons
 a - a +0 war axe (weapon)
Missiles
 j - 9 poisoned darts (quivered)
Armour
 b - a +0 kite shield (worn)
Jewellery
 k - a +4 ring of protection (left tentacle)
Scrolls
 d - a scroll of identify {unknown}
 g - a scroll of fear {unknown}
 h - a scroll of brand weapon {unknown}
 i - a scroll of acquirement {unknown}
 m - 2 scrolls of noise {unknown}
 n - a scroll of blinking {unknown}
 o - a scroll of magic mapping {unknown}
Potions
 c - a potion of might
 e - a potion of ambrosia {unknown}
 f - a potion of cancellation {unknown}
 l - a potion of brilliance {unknown}


   Skills:
 - Level 3.2 Fighting
 - Level 2.3 Axes
 * Level 3.2 Throwing
 - Level 3.0 Dodging
 - Level 3.2 Shields


You had 3 spell levels left.
You didn't know any spells.
Your spell library contained the following spells:

 Spells                   Type           Power      Damage    Failure   Level
 Magic Dart               Conj           0%         1d3       86%         1
 Searing Ray              Conj           0%         3d3       95%         2
 Dazzling Flash           Conj/Hex       0%         N/A       99%         3
 Fulminant Prism          Conj/Hex       0%         3d6       100%        4
 Iskenderun's Mystic Bla  Conj/Tloc      0%         2d3       100%        4


Dungeon Overview and Level Annotations

Branches:
Dungeon (3/15)

Altars:

Annotations:
D:3 Natasha


Innate Abilities, Weirdness & Mutations

You cannot wear most types of armour.
You are amphibious.
You can wear up to eight rings at the same time.
Your skin changes colour to match your surroundings (Stealth+).
Your rubbery body absorbs attacks. (AC +1, EV +1)
((You are camouflaged near water. (Stealth+)))
You have tentacles for arms and can constrict up to eight enemies at once.


Message History

Natasha is lightly wounded.
You barely miss the white imp. You constrict Natasha.
Natasha claws you but does no damage. The white imp gestures at you.
The puff of frost misses you.
You hit Natasha. Your squeeze misses Natasha.
Natasha is moderately wounded.
You closely miss the white imp. You constrict Natasha. Natasha misses you.
You block the white imp's attack. Natasha claws you! The white imp hits you.
The white imp freezes you.
You slash Natasha!
You kill Natasha!
Natasha screams in fury as she dies!
The white imp disappears in a puff of smoke!
Your Throwing skill increases to level 3!
No target in view!
No target in view!
Natasha, Servant of Life and Death comes into view.
Natasha is nearby!
Natasha is nearby!
Natasha is nearby!
Natasha casts a spell at you.
You feel yourself slow down.
Natasha stares at you and mumbles some strange words.
The magic dart hits you.
You start resting.
Natasha is nearby!
Natasha claws you. x2
You are too injured to fight recklessly!
You are too injured to fight recklessly!
You are too injured to fight recklessly!
You closely miss Natasha. Your grab misses Natasha.
Natasha casts a spell at you. The magic dart hits you.
* * * LOW HITPOINT WARNING * * *
Natasha howls an incantation.
Natasha's front paws start to glow.
Natasha mumbles some strange words.
Natasha claws you.
You die...

..'...###.# #.....# #..#.......
≈.#######.####.....# .#..#.......
≈≈...........#.....#.....#.......
≈..................#.....#.######
≈≈...........#.....#.....#'#.....
≈≈#..........###..##.........###.
≈≈#..........# #..##.........#
≈≈#.......h..# #..##.........#
≈≈#..........###@.##.........####
#≈#....#.......h....#.#..........
#....#.....5......#.#.....#####
#....#.........>..#.#.....# ....
#.....########.#..#### #.....#
####.##.# #.....# #.....'.#
#...... #....##.# #......
#.......#


You could see Natasha and a crimson imp (summoned).

Vanquished Creatures
  Natasha (D:3)
  2 adders (D:2)
  A worm (D:2)
  A dart slug (D:1)
  2 bats (D:2)
  4 giant cockroaches
  4 goblins
  4 hobgoblins
  3 jackals (D:2)
  3 kobolds (D:1)
  6 ball pythons (D:1)
  2 frilled lizards (D:1)
  A rat (D:2)
34 creatures vanquished.

Notes
Turn   | Place    | Note
-------+----------+-------------------------------------------
     0 | D:1      | Zeld the Octopode Fighter began the quest for the Orb.
     0 | D:1      | Reached XP level 1. HP: 16/16 MP: 1/1
   359 | D:1      | Found a faded altar of an unknown god.
   449 | D:1      | Reached XP level 2. HP: 18/21 MP: 2/2
   910 | D:1      | Reached skill level 1 in Throwing
  1226 | D:2      | Reached XP level 3. HP: 25/26 MP: 3/3
  2100 | D:2      | Reached XP level 4. HP: 30/31 MP: 4/4
  2444 | D:3      | Noticed Natasha
  2455 | D:3      | Killed Natasha
  2488 | D:3      | Noticed Natasha
  2498 | D:3      | Slain by Natasha

Illustrated notes

Levels and vault maps discovered:
D:1:      minmay_arrival_shoal_huts, layout_basic, shapermc_ecumenical_altar_gd
D:2:      mumra_celtic_spiral_tile, layout_basic, feat_on_display
D:3:      layout_basic, chequers_serial_rivers_large_a, skrybe_limestone_x,
          minivault_14, uniq_crazy_yiuf_cottage, uniq_sigmund, uniq_natasha

Skill      XL: |  1  2  3  4 |
---------------+-------------+-----
Throwing       | 1 2 3 |  3.2
Fighting       | |  3.2
Axes           | |  2.3
Dodging        | |  3.0
Shields        | |  3.2

Action                   |  1- 3 |  4- 6 || total
-------------------------+-------+-------++-------
Melee: War axe           |    66 |     8 ||    74
       Constrict         |    21 |     1 ||    22
       Tentacles         |    10 |       ||    10
 Stab: Sleeping          |     6 |       ||     6
Armor: Skin              |     7 |     3 ||    10
Dodge: Dodged            |    33 |     6 ||    39
Block: Kite shield       |    36 |     2 ||    38

Table legend: (Time is in decaauts)
 A = Elapsed time spent in this place.
 B = Non-inter-level travel time spent in this place.
 C = Inter-level travel time spent in this place.
 D = Time resting spent in this place.
 E = Time spent auto-exploring this place.
 F = Levels seen in this place.
 G = Mean time per level.
                   A        B        C        D        E       F      G
               +--------+--------+--------+--------+--------+-----+--------+
         Total |   2546 |   2485 |     61 |      3 |   2171 |   3 |  848.7 |
       Dungeon |   2546 |   2485 |     61 |      3 |   2171 |   3 |  848.7 |
               +--------+--------+--------+--------+--------+-----+--------+

Top non-repeatable levels by time:
     D:1: 1183 daAuts
     D:2: 1157 daAuts
     D:3: 205 daAuts
